[Event "Early-Titled-Tuesday-Blitz-April-02-2024"]
[Site "Chess.com"]
[Date "2024.04.02"]
[Round "1"]
[White "zverr1"]
[Black "Refrigerator1955"]
[Result "1-0"]
[WhiteElo "2556"]
[BlackElo "1945"]
[TimeControl "180+1"]
[EndTime "8:01:45 PDT"]
[Termination "zverr1 won by resignation"]

1. e4 c6 2. d4 d5 3. Nc3 dxe4 4. Nxe4 Nd7 5. Nf3 Ngf6 6. Neg5 h6 7. Ne6 fxe6 8. Bd3 Kf7 9. Ne5+ Nxe5 10. dxe5 Qa5+ 11. c3 Qxe5+ 12. Be3 g5 13. O-O Ng4 1-0

[Event "Early-Titled-Tuesday-Blitz-April-02-2024"]
[Site "Chess.com"]
[Date "2024.04.02"]
[Round "1"]
[White "barbara25"]
[Black "lefonghua"]
[Result "0-1"]
[WhiteElo "2263"]
[BlackElo "2610"]
[TimeControl "180+1"]
[EndTime "8:02:04 PDT"]
[Termination "lefonghua won by resignation"]

1. e4 c5 2. Nf3 g6 3. Nc3 Bg7 4. d4 cxd4 5. Nxd4 Nc6 6. Be3 Nf6 7. Bc4 Qa5 8. O-O O-O 9. Nb3 Qd8 10. h3 d6 11. Qe2 Bd7 12. Rad1 Rc8 13. f4 a6 14. f5 Ne5 15. fxg6 Nxc4 16. gxh7+ Kh8 17. Bg5 Nxb2 0-1

[Event "Early-Titled-Tuesday-Blitz-April-02-2024"]
[Site "Chess.com"]
[Date "2024.04.02"]
[Round "1"]
[White "guillembaches"]
[Black "dropstoneDP"]
[Result "1/2-1/2"]
[WhiteElo "2547"]
[BlackElo "3009"]
[TimeControl "180+1"]
[EndTime "8:02:13 PDT"]
[Termination "Game drawn by repetition"]

1. e4 e5 2. Nf3 Nf6 3. Nc3 Nc6 4. d4 exd4 5. Nxd4 Bb4 6. Nxc6 bxc6 7. Bd3 O-O 8. O-O d5 9. Bd2 Bxc3 10. Bxc3 dxe4 11. Bxf6 Qxf6 12. Bxe4 Qxb2 13. Bxc6 Rb8 14. Rb1 Qxb1 15. Qxb1 Rxb1 16. Rxb1 Rd8 17. h4 Kf8 18. Bf3 Be6 19.
Rb7 Bxa2 20. Rxa7 Bd5 21. Bxd5 Rxd5 22. Rxc7 h5 23. g3 Ra5 24. Kg2 Ra3 25. Rc8+ Ke7 26.
Rc7+ Ke6 27. Rc6+ Ke7 28. Rc7+ Ke6 29. Rc6+ Ke7 30. Rc7+ 1/2-1/2

[Event "Early-Titled-Tuesday-Blitz-April-02-2024"]
[Site "Chess.com"]
[Date "2024.04.02"]
[Round "1"]
[White "SilverSwords13"]
[Black "moro182"]
[Result "0-1"]
[WhiteElo "2506"]
[BlackElo "2885"]
[TimeControl "180+1"]
[EndTime "8:02:23 PDT"]
[Termination "moro182 won by resignation"]

1. e4 g6 2. d4 Bg7 3. Nc3 a6 4. Be3 b5 5. Qe2 Bb7 6. f3 d6 7. O-O-O Nd7 8. h4 h5 9. Nh3 e6 10. Nf4 Nb6 11. Kb1 b4 12. d5 e5 0-1

[Event "Early-Titled-Tuesday-Blitz-April-02-2024"]
[Site "Chess.com"]
[Date "2024.04.02"]
[Round "1"]
[White "LeninGuerra"]
[Black "LLariMarc"]
[Result "1-0"]
[WhiteElo "2734"]
[BlackElo "2426"]
[TimeControl "180+1"]
[EndTime "8:02:24 PDT"]
[Termination "LeninGuerra won by resignation"]

1. e4 e6 2. d4 d5 3. Nd2 dxe4 4. Nxe4 Nf6 5. Bg5 Be7 6. Bxf6 gxf6 7. Nf3 Nd7 8. Qd2 Rg8 9. O-O-O f5 10. Ng3 Nb6 11.
Kb1 Bd7 12. Qh6 Bf6 13. Ne5 Qe7 14. Nh5 Bg7 15. Nxg7+ 1-0

[Event "Early-Titled-Tuesday-Blitz-April-02-2024"]
[Site "Chess.com"]
[Date "2024.04.02"]
[Round "1"]
[White "Evandro_Barbosa"]
[Black "WindWhistler11"]
[Result "1-0"]
[WhiteElo "2736"]
[BlackElo "2430"]
[TimeControl "180+1"]
[EndTime "8:02:37 PDT"]
[Termination "Evandro_Barbosa won by resignation"]

1. e4 e6 2. d3 d5 3. Qe2 Nf6 4. Nf3 c5 5. g3 Nc6 6. Bg2 g6 7. Bg5 h6 8. Bxf6 Qxf6 9. exd5 Qxb2 10. dxc6 Qxa1 11. O-O Bg7 12. Nfd2 Rb8 13. Nb3 bxc6 14.
Bxc6+ Kf8 15. Nxa1 1-0

[Event "Early-Titled-Tuesday-Blitz-April-02-2024"]
[Site "Chess.com"]
[Date "2024.04.02"]
[Round "1"]
[White "DenLaz"]
[Black "Agent-JL"]
[Result "1-0"]
[WhiteElo "3112"]
[BlackElo "2547"]
[TimeControl "180+1"]
[EndTime "8:02:58 PDT"]
[Termination "DenLaz won by resignation"]

1. d4 Nf6 2. c4 e6 3. Nf3 d5 4.
g3 Be7 5. Bg2 O-O 6. O-O c5 7.
cxd5 Nxd5 8. dxc5 Na6 9. a3 Nxc5 10. b4 Ne4 11. Bb2 Bf6 12. Nd4 Nd6 13. Nd2 Nb6 14.
Rc1 Nf5 15. N2b3 Nd6 16. Na5 Qe7 17. Qc2 Rd8 18. Rfd1 e5 19. Ndc6 bxc6 20. Nxc6 Qd7 21. Nxd8 1-0

[Event "Early-Titled-Tuesday-Blitz-April-02-2024"]
[Site "Chess.com"]
[Date "2024.04.02"]
[Round "1"]
[White "PelinGorki"]
[Black "Firouzja2003"]
[Result "0-1"]
[WhiteElo "2547"]
[BlackElo "3112"]
[TimeControl "180+1"]
[EndTime "8:03:09 PDT"]
[Termination "Firouzja2003 won by resignation"]

1. e4 c5 2. a3 Nc6 3. b4 e5 4. Nf3 cxb4 5. axb4 Bxb4 6. c3 Ba5 7. Bc4 Nf6 8. Qb3 O-O 9. Ng5 Qe7 10. Ba3 d6 11. d3 Bb6 12. Qc2 Nh5 13. Nf3 Nf4 14. g3 Nh3 15. Rf1 Qf6 16. Nbd2 Bg4 17. Qd1 Ng5 0-1

[Event "Early-Titled-Tuesday-Blitz-April-02-2024"]
[Site "Chess.com"]
[Date "2024.04.02"]
[Round "1"]
[White "Zurability"]
[Black "Chesstiger64"]
[Result "1-0"]
[WhiteElo "2710"]
[BlackElo "2402"]
[TimeControl "180+1"]
[EndTime "8:03:25 PDT"]
[Termination "Zurability won by resignation"]

1. d4 d6 2. Nf3 Bg4 3. e3 Nd7 4. c4 c6 5. Be2 Ngf6 6. Nc3 e5 7. O-O Be7 8. b4 a5 9. b5 O-O 10. Ba3 exd4 11. Nxd4 Bxe2 12. Qxe2 c5 13. Nf5 b6 14. Rad1 Ne5 15. Bb2 Qd7 16. e4 Rfe8 17. Na4 Rab8 18. Bxe5 Nxe4 19. Qxe4 Bf6 20. Qg4 Qe6 21. Bxf6 Qxf6 22.
Rxd6 Qe5 23. Nxb6 g6 24. Nd7 Qxf5 25. Qxf5 gxf5 26. Nxb8 Rxb8 27. Rfd1 1-0

[Event "Early-Titled-Tuesday-Blitz-April-02-2024"]
[Site "Chess.com"]
[Date "2024.04.02"]
[Round "1"]
[White "Sina_Movahed"]
[Black "AlphaGoosee"]
[Result "1-0"]
[WhiteElo "2985"]
[BlackElo "2531"]
[TimeControl "180+1"]
[EndTime "8:03:30 PDT"]
[Termination "Sina_Movahed won by resignation"]

1. Nf3 d5 2. c4 dxc4 3. Na3 a6 4.
Nxc4 b5 5. Ne3 c5 6. b3 Bb7 7.
Bb2 Nf6 8. Rc1 e6 9. g3 Nc6 10. Bg2 Nd4 11. Nxd4 Bxg2 12. Nxe6 fxe6 13. Nxg2 Qd5 14.
O-O Bd6 15. d3 O-O 16. e4 Qh5 17. e5 Ng4 18. h4 Qf5 19. exd6 Nxf2 20. Qe2 Qxd3 21.
Rxf2 1-0

[Event "Early-Titled-Tuesday-Blitz-April-02-2024"]
[Site "Chess.com"]
[Date "2024.04.02"]
[Round "1"]
[White "Rosh1610"]
[Black "chito89"]
[Result "0-1"]
[WhiteElo "2486"]
[BlackElo "2815"]
[TimeControl "180+1"]
[EndTime "8:03:37 PDT"]
[Termination "chito89 won by resignation"]

1. e4 c6 2. Nc3 d5 3. Nf3 Bg4 4. h3 Bxf3 5. Qxf3 e6 6. Be2 g6 7.
O-O Bg7 8. d3 Nd7 9. exd5 cxd5 10. Bf4 Ne7 11. Nb5 O-O 12. Bc7 Qc8 13. Bd6 Ne5 14. Qg3 Nf5 15. Qf4 Nxd6 16. Nxd6 Qxc2 17. Rfe1 Nxd3 18. Bxd3 Qxd3 19. Nxb7 0-1

[Event "Early-Titled-Tuesday-Blitz-April-02-2024"]
[Site "Chess.com"]
[Date "2024.04.02"]
[Round "1"]
[White "BilicVladimir"]
[Black "LionKing2367890"]
[Result "0-1"]
[WhiteElo "2594"]
[BlackElo "2281"]
[TimeControl "180+1"]
[EndTime "8:03:46 PDT"]
[Termination "LionKing2367890 won by resignation"]

1. e4 e5 2. Nf3 Nc6 3. d4 exd4 4. Nxd4 Nf6 5. Nxc6 bxc6 6. Nd2 d5 7. Bd3 dxe4 8. Nxe4 Nxe4 9. Bxe4 Qxd1+ 10. Kxd1 Bg4+ 11. f3 O-O-O+ 12. Ke2 Be6 13. Bxc6 Bc5 14. Be3 Bc4+ 15. Kf2 Rd2+ 16. Kg3 Bxe3 17. b3 Be6 18. c4 Rhd8 19. h4 h6 20. h5 Bd4 21. f4 Bxa1 0-1

[Event "Early-Titled-Tuesday-Blitz-April-02-2024"]
[Site "Chess.com"]
[Date "2024.04.02"]
[Round "1"]
[White "Barmen_EV"]
[Black "cmunda"]
[Result "1-0"]
[WhiteElo "2579"]
[BlackElo "2176"]
[TimeControl "180+1"]
[EndTime "8:03:54 PDT"]
[Termination "Barmen_EV won by resignation"]

1. e4 c5 2. c3 d5 3. exd5 Qxd5 4. d4 e5 5. dxe5 Qxd1+ 6. Kxd1 Bf5 7. Nf3 Nc6 8. Bb5 O-O-O+ 9. Ke2 a6 10. Bxc6 Bd3+ 11. Ke1 bxc6 12. Be3 f6 13. Nbd2 Re8 14. Rd1 fxe5 15.
Nb3 c4 16. Nc5 a5 17. Nxd3 cxd3 18. Ng5 Nh6 19. Rxd3 Be7 20. Ne6 Bf6 21. Nc5 Ng4 22. Ke2 e4 23. Rd6 Kc7 24. Rd7+ Kc8 25. Rhd1 Ne5 26. Ra7 Nd3 27. Nxd3 exd3+ 28. Rxd3 1-0

[Event "Early-Titled-Tuesday-Blitz-April-02-2024"]
[Site "Chess.com"]
[Date "2024.04.02"]
[Round "1"]
[White "Sanyura"]
[Black "jamengrand"]
[Result "1-0"]
[WhiteElo "2622"]
[BlackElo "2301"]
[TimeControl "180+1"]
[EndTime "8:03:56 PDT"]
[Termination "Sanyura won by resignation"]

1. Nf3 Nf6 2. g3 g6 3. Bg2 Bg7 4. O-O O-O 5. d3 d5 6. Nbd2 d4 7.
Nc4 c5 8. e3 Nc6 9. exd4 cxd4 10. Re1 Nd5 11. Nfe5 Nxe5 12. Nxe5 Be6 13. Bd2 Rc8 14.
a4 a5 15. Nc4 b6 16. h4 h5 17. Bg5 Nb4 18. b3 Re8 19. Rxe6 fxe6 20. Be4 Bf6 21. Bxg6 Bxg5 22. Qxh5 1-0

[Event "Early-Titled-Tuesday-Blitz-April-02-2024"]
[Site "Chess.com"]
[Date "2024.04.02"]
[Round "1"]
[White "SaqoChess_Twitch"]
[Black "PoXerStar"]
[Result "1-0"]
[WhiteElo "2666"]
[BlackElo "2364"]
[TimeControl "180+1"]
[EndTime "8:04:01 PDT"]
[Termination "SaqoChess_Twitch won by resignation"]

1. d4 d5 2. c4 c6 3. Nc3 Nf6 4. e3 Bf5 5. cxd5 cxd5 6. Qb3 Qc7 7. Nxd5 Nxd5 8. Qxd5 e6 9. Qb3 Nc6 10. Nf3 Bd6 11. Bd2 O-O 12. Rc1 Qe7 13. Bd3 Bg4 14. Be2 Rac8 15. O-O e5 16. dxe5 Nxe5 17. Rxc8 Nxf3+ 18. Bxf3 Qe5 19. Rxf8+ Kxf8 20. Rc1 1-0

[Event "Early-Titled-Tuesday-Blitz-April-02-2024"]
[Site "Chess.com"]
[Date "2024.04.02"]
[Round "1"]
[White "Josgar05"]
[Black "Firegrizzly"]
[Result "0-1"]
[WhiteElo "2360"]
[BlackElo "2663"]
[TimeControl "180+1"]
[EndTime "8:04:08 PDT"]
[Termination "Firegrizzly won by checkmate"]

1. Nf3 g6 2. g3 Bg7 3. Bg2 d5 4. O-O e5 5. d3 Nc6 6. Nbd2 Nge7 7.
e4 O-O 8. h3 h6 9. c3 a5 10.
Qc2 Be6 11. Re1 a4 12. Nf1 f5 13. exd5 Bxd5 14. Ne3 Be6 15. Nd2 Qd7 16. Nec4 b5 17.
Ne3 Rfd8 18. d4 exd4 19. cxd4 Nxd4 20. Qd1 Ra6 21. Nf3 Rd6 22. Nxd4 Rxd4 23. Qe2 Bf7 24. Nc2 Rd1 25. Bf4 Rxa1 26. Nxa1 Nd5 27. Bxd5 Qxd5 28. Bxc7 Re8 29. Qd1 Rxe1+ 30. Qxe1 Qxa2 31. Bf4 Qxb2 32. Nc2 Qxc2 33. Qe3 Qe4 34. Qb6 Bd5 35. Kf1 Qb1+ 36.
Ke2 Bc4+ 37. Kd2 Qb2+ 38. Ke3 Qe2# 0-1

[Event "Early-Titled-Tuesday-Blitz-April-02-2024"]
[Site "Chess.com"]
[Date "2024.04.02"]
[Round "1"]
[White "wadsy27"]
[Black "mertfelin"]
[Result "1-0"]
[WhiteElo "2613"]
[BlackElo "2282"]
[TimeControl "180+1"]
[EndTime "8:04:08 PDT"]
[Termination "wadsy27 won by resignation"]

1. Nf3 d5 2. g3 Nf6 3. Bg2 e6 4. O-O Be7 5. c4 O-O 6. b3 b6 7.
Bb2 Bb7 8. cxd5 Nxd5 9. Re1 c5 10.
d4 Nd7 11. e4 N5f6 12. Nc3 cxd4 13. Nxd4 Bc5 14. Na4 Qe7 15. Nxc5 Nxc5 16. e5 Nd5 17. Ba3 Qg5 18. h4 Qd8 19. Rc1 Rc8 20. Nb5 Ba8 21. Nxa7 Rc7 22. Nb5 Rc8 23. Nd6 Qc7 24. Nxc8 Qxc8 25.
b4 Qa6 26. bxc5 Qxa3 27. cxb6 Nc3 28. Qb3 Ne2+ 29. Rxe2 Qxc1+ 30. Kh2 Bxg2 31. Kxg2 Rb8 32. Rc2 Qe1 33. b7 1-0

[Event "Early-Titled-Tuesday-Blitz-April-02-2024"]
[Site "Chess.com"]
[Date "2024.04.02"]
[Round "1"]
[White "esteban062000"]
[Black "RantomOpening"]
[Result "0-1"]
[WhiteElo "2147"]
[BlackElo "2573"]
[TimeControl "180+1"]
[EndTime "8:04:09 PDT"]
[Termination "RantomOpening won by resignation"]

1. e4 c5 2. Nf3 e6 3. d4 cxd4 4.
Nxd4 Nf6 5. Bd3 Nc6 6. Nxc6 bxc6 7. O-O d5 8. exd5 cxd5 9. Bg5 h6 10. Bh4 Be7 11.
c4 O-O 12. cxd5 Nxd5 13. Bxe7 Qxe7 14. Nd2 Bb7 15. Nf3 Nf4 16. Bc2 Rad8 17. Qe1 Bxf3 0-1

[Event "Early-Titled-Tuesday-Blitz-April-02-2024"]
[Site "Chess.com"]
[Date "2024.04.02"]
[Round "1"]
[White "DreamsAreFake"]
[Black "Cheer_Down"]
[Result "1-0"]
[WhiteElo "2748"]
[BlackElo "2436"]
[TimeControl "180+1"]
[EndTime "8:04:14 PDT"]
[Termination "DreamsAreFake won by resignation"]

1. Nf3 d5 2. g3 Nf6 3. Bg2 e6 4. O-O Be7 5. b3 O-O 6. Bb2 b6 7. d3 Bb7 8. Nbd2 c5 9. e3 Nc6 10. Qe2 Qc7 11. c4 Rad8 12. Rad1 dxc4 13. Nxc4 Nd5 14.
a3 Rfe8 15. d4 cxd4 16. Nxd4 Nxd4 17. Bxd4 b5 18. Ne5 Bxa3 19. Qxb5 f6 20. Nc4 Bf8 21. Qa5 Nb6 22. Qxa7 Nxc4 23. bxc4 Rb8 24. Rb1 1-0

[Event "Early-Titled-Tuesday-Blitz-April-02-2024"]
[Site "Chess.com"]
[Date "2024.04.02"]
[Round "1"]
[White "dealshark"]
[Black "yaguigor"]
[Result "0-1"]
[WhiteElo "2319"]
[BlackElo "2634"]
[TimeControl "180+1"]
[EndTime "8:04:20 PDT"]
[Termination "yaguigor won by resignation"]

1. Nf3 d5 2. e3 Nf6 3. c4 c6 4.
Nc3 e6 5. b3 Bd6 6. d4 O-O 7. Bb2 Nbd7 8. Bd3 e5 9. cxd5 cxd5 10. dxe5 Nxe5 11. Nxe5 Bxe5 12. Be2 a6 13. O-O Qc7 14.
Rc1 Bxh2+ 15. Kh1 Qd6 16. g3 Bxg3 17. fxg3 Qxg3 18. Nxd5 Qh4+ 19. Kg1 Qg5+ 20. Kh1 Nxd5 21. Rc5 Qh4+ 22. Kg1 Qg3+ 23. Kh1 Nxe3 0-1

[Event "Early-Titled-Tuesday-Blitz-April-02-2024"]
[Site "Chess.com"]
[Date "2024.04.02"]
[Round "1"]
[White "maximnovik"]
[Black "Ariadna_Atreides"]
[Result "1-0"]
[WhiteElo "2591"]
[BlackElo "2200"]
[TimeControl "180+1"]
[EndTime "8:04:25 PDT"]
[Termination "maximnovik won by resignation"]

1. e4 c6 2. d4 d5 3. Nc3 dxe4 4. Nxe4 Nf6 5. Nxf6+ exf6 6. c3 Bd6 7. Bd3 O-O 8.
Ne2 Re8 9. O-O h5 10. Bf4 g6 11. Qd2 Bxf4 12. Nxf4 Kg7 13. Rfe1 Bd7 14. Rxe8 Qxe8 15. Re1 Qd8 16. Qe3 f5 17. Qe5+ Kg8 18. Re3 Na6 19.
Nxh5 gxh5 20. Rg3+ Kf8 21. Qd6+ Qe7 22. Qh6+ 1-0

[Event "Early-Titled-Tuesday-Blitz-April-02-2024"]
[Site "Chess.com"]
[Date "2024.04.02"]
[Round "1"]
[White "Aygehovit1992"]
[Black "Logman74"]
[Result "1-0"]
[WhiteElo "2865"]
[BlackElo "2502"]
[TimeControl "180+1"]
[EndTime "8:04:29 PDT"]
[Termination "Aygehovit1992 won on time"]

1. e4 c5 2. Nf3 d6 3. d4 cxd4 4. Nxd4 Nf6 5. Nc3 Nc6 6. Bg5 e6 7. Bb5 Bd7 8. Bxc6 bxc6 9. Qd3 Be7 10. O-O-O O-O 11. e5 dxe5 12. Nf3 Nd5 13. h4 Rb8 14. Nxe5 Bxg5+ 15. hxg5 Qxg5+ 16. Kb1 Qf5 17. Nxd7 1-0

[Event "Early-Titled-Tuesday-Blitz-April-02-2024"]
[Site "Chess.com"]
[Date "2024.04.02"]
[Round "1"]
[White "Durarbayli"]
[Black "Predo63"]
[Result "1-0"]
[WhiteElo "2934"]
[BlackElo "2525"]
[TimeControl "180+1"]
[EndTime "8:04:31 PDT"]
[Termination "Durarbayli won by checkmate"]

1. e4 c6 2. d4 d5 3. exd5 cxd5 4. c4 e6 5. Nc3 Nf6 6. Nf3 dxc4 7. Bxc4 Be7 8. O-O O-O 9. Re1 Nbd7 10. Ne5 Nb6 11. Bd3 Nbd5 12. Bg5 Bd7 13. Qf3 Bc6 14. Qh3 h6 15.
Bxh6 gxh6 16. Qxh6 Nxc3 17. bxc3 Qd5 18. Qg5+ Kh8 19.
Qh4+ Kg7 20. Qg3+ Kh8 21. Qh3+ Kg7 22. Re3 Qxg2+ 23. Qxg2+ Bxg2 24. Rg3+ Kh8 25. Kxg2 Rac8 26. Rg1 Rxc3 27. Rh3+ Kg7 28. Kh1+ Ng4 29. Rxg4+ Kf6 30. Rf3# 1-0

[Event "Early-Titled-Tuesday-Blitz-April-02-2024"]
[Site "Chess.com"]
[Date "2024.04.02"]
[Round "1"]
[White "djano"]
[Black "InitiatingASC"]
[Result "1-0"]
[WhiteElo "2669"]
[BlackElo "2372"]
[TimeControl "180+1"]
[EndTime "8:04:31 PDT"]
[Termination "djano won by resignation"]

1. e4 c5 2. Nc3 g6 3. Bc4 Bg7 4. h4 h5 5. Qf3 e6 6. d4 Bxd4 7. Nb5 d6 8. Bf4 Be5 9. O-O-O Bxf4+ 10. Qxf4 Kf8 11. Nxd6 Qc7 12. e5 Nc6 13. Nf3 Nh6 14. Ng5 Kg7 15. Qf6+ Kg8 16. Rhe1 Nd4 17. Ne8 1-0

[Event "Early-Titled-Tuesday-Blitz-April-02-2024"]
[Site "Chess.com"]
[Date "2024.04.02"]
[Round "1"]
[White "JRenatoMaranhao"]
[Black "SharapovEvgeny"]
[Result "0-1"]
[WhiteElo "1946"]
[BlackElo "2557"]
[TimeControl "180+1"]
[EndTime "8:04:34 PDT"]
[Termination "SharapovEvgeny won on time"]

1. e4 c5 2. d4 cxd4 3. c3 dxc3 4. Nxc3 Nc6 5. Bc4 e6 6. Nf3 Qc7 7. O-O Nf6 8. Nb5 Qb8 9. Bg5 a6 10. Nc3 Ng4 11. Bh4 d6 12. Qe2 d5 13. exd5 Nd4 14.
Bg3 Nxe2+ 15. Bxe2 Bd6 16. dxe6 Bxe6 17. Ne4 Bxg3 18.
fxg3 O-O 19. h3 Ne3 0-1

[Event "Early-Titled-Tuesday-Blitz-April-02-2024"]
[Site "Chess.com"]
[Date "2024.04.02"]
[Round "1"]
[White "Korchmar_Vasiliy"]
[Black "Misterfox120"]
[Result "1-0"]
[WhiteElo "2718"]
[BlackElo "2412"]
[TimeControl "180+1"]
[EndTime "8:04:36 PDT"]
[Termination "Korchmar_Vasiliy won by resignation"]

1. e4 c6 2. d4 d5 3. exd5 cxd5 4. Bd3 Nc6 5. c3 Nf6 6. h3 e5 7. dxe5 Nxe5 8. Qe2 Qe7 9. Bc2 Bd7 10. Nd2 O-O-O 11. Ngf3 Nxf3+ 12. Nxf3 Qxe2+ 13. Kxe2 Bc5 14. Be3 Rhe8 15.
Nd4 Bxd4 16. cxd4 Bb5+ 17. Kf3 b6 18. a4 Bc6 19. a5 Kb7 20. a6+ Kc7 21. Rhc1 b5 22.
Bd3 Kd7 23. Bf5+ Kc7 24. Bf4+ Kb6 25. Bd2 b4 26. Bxb4 1-0

[Event "Early-Titled-Tuesday-Blitz-April-02-2024"]
[Site "Chess.com"]
[Date "2024.04.02"]
[Round "1"]
[White "Kopytkin"]
[Black "Sl4werThanYou"]
[Result "0-1"]
[WhiteElo "2409"]
[BlackElo "2716"]
[TimeControl "180+1"]
[EndTime "8:04:36 PDT"]
[Termination "Sl4werThanYou won on time"]

1. d4 d5 2. Bg5 f6 3. Bd2 e5 4. dxe5 fxe5 5. e4 dxe4 6. Qh5+ Ke7 7. Qxe5+ Be6 8. Nc3 Nc6 9. Qxe4 Nf6 10. Bg5 Kf7 11.
Bxf6 Qxf6 12. Bc4 Re8 13. O-O-O Bd6 14. Nf3 Qf4+ 15. Kb1 Qxe4 16. Ng5+ Kg6 17. Ngxe4 Bxc4 18. Rxd6+ cxd6 19. Nxd6 Re6 20. Nxc4 Rf8 21. b3 Rxf2 0-1

[Event "Early-Titled-Tuesday-Blitz-April-02-2024"]
[Site "Chess.com"]
[Date "2024.04.02"]
[Round "1"]
[White "Blackwhite017"]
[Black "Likvidator228"]
[Result "0-1"]
[WhiteElo "2083"]
[BlackElo "2565"]
[TimeControl "180+1"]
[EndTime "8:04:37 PDT"]
[Termination "Likvidator228 won by resignation"]

1. e4 c5 2. Nf3 g6 3. d4 cxd4 4. Nxd4 Bg7 5. Nc3 Nc6 6. Be3 Nf6 7. Nxc6 bxc6 8. e5 Nd5 9. Nxd5 cxd5 10. Qxd5 Rb8 11. O-O-O Bb7 12. Qc5 O-O 13. Bb5 d6 14. exd6 exd6 15. Rxd6 Qa5 16. Bc4 Qxc5 17. Bxc5 Bxg2 18.
Re1 Bxb2+ 19. Kd2 Rbc8 20. Bd4 Ba3 21. Bb3 Bxd6 0-1

[Event "Early-Titled-Tuesday-Blitz-April-02-2024"]
[Site "Chess.com"]
[Date "2024.04.02"]
[Round "1"]
[White "joksijoksi"]
[Black "FGHSMN"]
[Result "0-1"]
[WhiteElo "2528"]
[BlackElo "2935"]
[TimeControl "180+1"]
[EndTime "8:04:38 PDT"]
[Termination "FGHSMN won by resignation"]

1. d4 Nf6 2. c4 e6 3. Nf3 Bb4+ 4. Bd2 Qe7 5. g3 Bxd2+ 6. Qxd2 Nc6 7. Nc3 d5 8. Bg2 dxc4 9. O-O O-O 10. e4 Rd8 11.
Rad1 Rb8 12. a4 a6 13. Qe2 b5 14. axb5 axb5 15. e5 Nd5 16. Ne4 Ncb4 17. Nc5 Na6 18. Ne4 c5 19. dxc5 Nxc5 20. h4 Nxe4 21. Qxe4 h6 22.
Nd4 Bb7 23. Qb1 b4 24. Qc2 Qc5 25. Nb3 Qc7 26. Nd2 c3 27. bxc3 Nxc3 28. Ra1 Ne2+ 0-1

[Event "Early-Titled-Tuesday-Blitz-April-02-2024"]
[Site "Chess.com"]
[Date "2024.04.02"]
[Round "1"]
[White "VeraVujovic"]
[Black "SahibSinghKnight"]
[Result "0-1"]
[WhiteElo "2206"]
[BlackElo "2596"]
[TimeControl "180+1"]
[EndTime "8:04:42 PDT"]
[Termination "SahibSinghKnight won by resignation"]

1. d4 d5 2. c4 e6 3. Nc3 c6 4. e4 dxe4 5. Nxe4 Bb4+ 6. Bd2 Qxd4 7. Bxb4 Qxe4+ 8. Ne2 Na6 9. Bc3 f6 10. b3 Bd7 11. f3 Qe3 12. Bd4 Qh6 13. Qd3 Qg6 14.
Qd2 Nh6 15. Nf4 Qf7 16. Be3 Nf5 17. O-O-O Nxe3 18. Qxe3 O-O 19. c5 Nb4 20. Bc4 Nd5 21. Qd4 b5 22. cxb6 axb6 23. b4 Kh8 24. Bb3 e5 25.
Bxd5 cxd5 26. Qxd5 exf4 27. Qxd7 Qc4+ 0-1

[Event "Early-Titled-Tuesday-Blitz-April-02-2024"]
[Site "Chess.com"]
[Date "2024.04.02"]
[Round "1"]
[White "Dacean99"]
[Black "inagreV"]
[Result "1-0"]
[WhiteElo "2671"]
[BlackElo "2376"]
[TimeControl "180+1"]
[EndTime "8:04:46 PDT"]
[Termination "Dacean99 won by resignation"]

1. e4 c5 2. c3 Nf6 3. e5 Nd5 4.
Nf3 Nc6 5. Bc4 Nb6 6. Bb3 d5 7. exd6 Qxd6 8. O-O Bg4 9. Re1 e6 10. Na3 Be7 11. h3 Bh5 12. d4 cxd4 13. Nb5 Qb8 14. Nbxd4 Nxd4 15. Qxd4 O-O 16. Bf4 Qc8 17. Ne5 Rd8 18.
Qe4 Nd5 19. Bh2 Bf6 20. c4 Nb4 21. a3 Nc6 22. Bc2 Bg6 23. Nxg6 hxg6 24. Rab1 Rd4 25.
Qe2 Qf8 26. b4 Rad8 27. Rbd1 a5 28. b5 Nb8 29. Rxd4 Bxd4 30. Rd1 Qxa3 31. Bxb8 e5 32. Bxe5 1-0

[Event "Early-Titled-Tuesday-Blitz-April-02-2024"]
[Site "Chess.com"]
[Date "2024.04.02"]
[Round "1"]
[White "Yushko_Olga"]
[Black "ketster"]
[Result "0-1"]
[WhiteElo "2227"]
[BlackElo "2599"]
[TimeControl "180+1"]
[EndTime "8:04:47 PDT"]
[Termination "ketster won by resignation"]

1. d4 d5 2. c4 e5 3. dxe5 Ne7 4. Nf3 Nbc6 5. Bg5 Be6 6. cxd5 Qxd5 7. Qxd5 Nxd5 8. e4 Ndb4 9. Na3 Nxa2 10. Bb5 Nb4 11. Nd4 h6 12. Nxe6 fxe6 13. Bh4 g5 14. Bg3 O-O-O 15.
O-O Bg7 16. Nc4 Rd4 17. Rfc1 Rxe4 18. f3 Rd4 19. Bf2 Rd5 20. Bxc6 Nxc6 21. Bxa7 Kd7 22. Rd1 Nxa7 23. Rxd5+ exd5 24. e6+ Kxe6 25. Rxa7 Bd4+ 0-1

[Event "Early-Titled-Tuesday-Blitz-April-02-2024"]
[Site "Chess.com"]
[Date "2024.04.02"]
[Round "1"]
[White "Let_it_be_1"]
[Black "akanga001"]
[Result "1-0"]
[WhiteElo "2565"]
[BlackElo "2104"]
[TimeControl "180+1"]
[EndTime "8:04:47 PDT"]
[Termination "Let_it_be_1 won by resignation"]

1. e4 e6 2. d4 d5 3. Nd2 Be7 4. Ngf3 Nf6 5. Bd3 c5 6. dxc5 Bxc5 7. Qe2 O-O 8. O-O Nc6 9. c3 a5 10. Re1 b6 11. h3 Bb7 12. e5 Nd7 13. Nf1 Qc7 14. Bf4 Rae8 15. Bxh7+ Kxh7 16. Ng5+ Kg6 17. Qd3+ f5 18. exf6+ Kxf6 19. Nh7+ Kf7 20. Bxc7 Rh8 21. Ng5+ Kg8 22. Nxe6 Nf6 23. Nxc5 bxc5 24. Rxe8+ Nxe8 25. Qxd5+ Kf8 26. Bd6+ Nxd6 27. Qxd6+ Kg8 28. Qd5+ Kf8 29. Re1 Rh6 30. Qxc5+ Kf7 31. Qf5+ Rf6 32. Qd7+ Kg6 33. Qxb7 1-0

[Event "Early-Titled-Tuesday-Blitz-April-02-2024"]
[Site "Chess.com"]
[Date "2024.04.02"]
[Round "1"]
[White "LornerAcosta"]
[Black "GolfBeforeChess"]
[Result "1-0"]
[WhiteElo "2623"]
[BlackElo "2299"]
[TimeControl "180+1"]
[EndTime "8:04:49 PDT"]
[Termination "LornerAcosta won by checkmate"]

1. Nf3 Nf6 2. d4 c5 3. e3 b6 4.
Bd3 Bb7 5. O-O g6 6. b3 Bg7 7. Bb2 O-O 8. dxc5 bxc5 9. c4 d6 10. Qe2 Nbd7 11. Rd1 Ng4 12. Bxg7 Kxg7 13. Nc3 Nge5 14.
Be4 Nxf3+ 15. Bxf3 Bxf3 16. Qxf3 Nf6 17. h4 Qc7 18. Nd5 Nxd5 19. Rxd5 h5 20. Rad1 a5 21. Qg3 Kh7 22. Qf3 a4 23. e4 axb3 24. axb3 Ra6 25.
R1d3 Ra1+ 26. Kh2 f6 27. Rxh5+ gxh5 28. Qxh5+ Kg7 29. Rg3# 1-0

[Event "Early-Titled-Tuesday-Blitz-April-02-2024"]
[Site "Chess.com"]
[Date "2024.04.02"]
[Round "1"]
[White "FlemingA"]
[Black "Susal_De_Silva"]
[Result "1-0"]
[WhiteElo "2449"]
[BlackElo "2730"]
[TimeControl "180+1"]
[EndTime "8:04:53 PDT"]
[Termination "FlemingA won by resignation"]

1. Nc3 e5 2. Nf3 Nc6 3. d4 exd4 4. Nxd4 Nf6 5. Bg5 Be7 6. e4 Nxe4 7. Nxc6 Nxc3 8. Bxe7 Qxe7+ 9. Nxe7 Nxd1 10. Nxc8 Nxb2 11.
a4 Rxc8 12. Ra2 c6 13. Rxb2 d5 14. Rxb7 1-0